 Dungeon Crawl Stone Soup version 0.19.4 (webtiles) character file.

2432 Mefis the Thaumaturge (level 9, 0/45 HPs)
             Began as a Deep Elf Wizard on Feb 1, 2017.
             Slain by a killer bee (4 damage)
             ... on level 7 of the Dungeon.
             The game lasted 00:13:13 (8113 turns).

Mefis the Thaumaturge (Deep Elf Wizard)             Turns: 8113, Time: 00:13:14

Health: 0/45       AC:  4    Str:  4    XL:     9   Next: 24%
Magic:  7/24       EV: 15    Int: 27    God:
Gold:   334        SH:  0    Dex: 13    Spells: 7 memorised, 12 levels left

rFire  . . .     SeeInvis .     a - +1 short sword (venom)
rCold  . . .     Gourm    .     f - +0 robe
rNeg   . . .     Faith    .     (no shield)
rPois  .         Spirit   .     B - +0 hat
rElec  .         Reflect  .     A - +0 cloak
rCorr  .         Harm     .     (no gloves)
MR     .....                    o - +0 pair of boots
Stlth  +++.......               (no amulet)
                                (no ring)
                                (no ring)

@: lethally poisoned (0 -> -20), repel missiles
A: no striking features
a: no special abilities


You were on level 7 of the Dungeon.
You were not hungry.

You visited 2 branches of the dungeon, and saw 8 of its levels.

You collected 334 gold pieces.

Inventory:

Hand Weapons
 a - a +1 short sword of venom (weapon)
 b - a +0 hunting sling
Missiles
 p - 38 sling bullets
 C - 5 javelins (quivered)
Armour
 f - a +0 robe (worn)
 o - a +0 pair of boots (worn)
 A - a +0 cloak (worn)
 B - a +0 hat (worn)
Wands
 i - a wand of disintegration (15/24)
Scrolls
 e - 2 scrolls of teleportation
 h - a scroll of fog
 k - a scroll of remove curse
 n - a scroll of immolation
 r - a scroll of amnesia {unknown}
 x - 3 scrolls of recharging
 y - a scroll of magic mapping {unknown}
 z - a scroll of fear {unknown}
Potions
 g - 2 potions of invisibility {unknown}
 j - 3 potions of lignification {unknown}
 l - 3 potions of curing
 m - 3 potions of heal wounds {unknown}
 q - a potion of brilliance {unknown}
 s - a potion of degeneration {unknown}
 t - a potion of agility {unknown}
 u - a potion of mutation {unknown}
 w - a potion of flight {unknown}
 D - a potion of ambrosia {unknown}
Books
 c - a book of Minor Magic

   Spells                             Type                      Level
   a - Magic Dart                     Conjuration                  1
   b - Blink                          Translocation                2
   c - Call Imp                       Summoning                    2
   d - Repel Missiles                 Charms/Air                   2
   e - Slow                           Hexes                        2
   f - Conjure Flame                  Conjuration/Fire             3
   g - Mephitic Cloud                 Conjuration/Poison/Air       3
Comestibles
 d - 5 bread rations
 v - a meat ration
 E - a royal jelly


   Skills:
 + Level 5.8 Dodging
 + Level 6.2 Stealth
 * Level 9.5 Spellcasting
 + Level 5.3 Conjurations
 + Level 4.6 Hexes
 - Level 1.1 Summonings
 - Level 1.1 Translocations
 + Level 4.0 Air Magic
 - Level 4.2 Poison Magic


You had 12 spell levels left.
You knew the following spells:

 Your Spells              Type           Power        Failure   Level  Hunger
a - Magic Dart            Conj           ####         1%          1    None
b - Call Imp              Summ           ###.....     4%          2    None
c - Blink                 Tloc           N/A          4%          2    None
d - Repel Missiles        Chrm/Air       ###...       3%          2    None
e - Mephitic Cloud        Conj/Pois/Air  #####...     2%          3    None
f - Conjure Flame         Conj/Fire      ####....     4%          3    None
g - Slow                  Hex            #####...     1%          2    None


Dungeon Overview and Level Annotations

Branches:
Dungeon (7/15)             Temple (1/1) D:5

Altars:
Ashenzari
Cheibriados
Dithmenos
Elyvilon
Fedhas
Gozag
Hepliaklqana
Kikubaaqudgha
Makhleb
Nemelex Xobeh
Okawaru
Qazlal
Ru
Trog
Vehumet
Xom
Yredelemnul
Zin
The Shining One

Shops:
D:2 *


Message History

Aim: a killer bee (moderately wounded)
The magic dart hits the killer bee.
The killer bee is moderately wounded.
You feel sick. The killer bee stings you.
* * * LOW HITPOINT WARNING * * *
You are lethally poisoned!
The killer bee poisons you! The killer bee completely misses you.
Casting: Magic Dart
Confirm with . or Enter, or press ? or * to list all spells.
Aiming: Magic Dart
Press: ? - help, Shift-Dir - straight line, f/p - killer bee
Aim: a killer bee (moderately wounded)
The magic dart hits the killer bee.
The killer bee is heavily wounded.
* * * LOW HITPOINT WARNING * * *
You feel sick. The killer bee stings you.
* * * LOW HITPOINT WARNING * * *
You are more poisoned.
The killer bee poisons you! The killer bee stings you.
You die...

.#.#.####.#.#####.#
.#.#.# #.........#
.#.#.####.#.....#..
.#........#........
)#.##.###########.##
.........)... ...
..........### #†#
..).......#######y#
#.#..)....+.....@.#
#.#.......###.######.#
#.#......## #.........
#.##....## #.########
#.......#####.######
...................#
.....................
........##.....###..#
........##.....# .#


You could see a killer bee.

Vanquished Creatures
  The ghost of Tramtrist the Covert, a novice SpAs (D:5)
  Sigmund (D:4)
  Edmund (D:5)
  A sky beast (D:5)
  2 phantoms (D:6)
  3 ogres
  A black bear (D:6)
  4 centaurs
  Blork the orc (D:5)
  2 bullfrogs (D:6)
  A scorpion (D:5)
  5 killer bees
  3 howler monkeys (D:7)
  2 crimson imps
  A centaur zombie (D:5)
  A hound (D:3)
  A bullfrog skeleton (D:4)
  2 jellies
  An iguana (D:5)
  A worker ant (D:6)
  A hound skeleton (D:7)
  A worker ant zombie (D:6)
  9 adders
  A shadow imp (D:7)
  An adder zombie (D:5)
  An adder skeleton (D:6)
  4 worms
  2 dart slugs
  7 leopard geckos
  3 orcs
  3 bats
  9 giant cockroaches
  7 goblins
  5 hobgoblins
  5 jackals
  4 quokkas
  6 frilled lizards
  6 kobolds
  A leopard gecko skeleton (D:4)
  17 rats
128 creatures vanquished.

Vanquished Creatures (others)
  2 fungi (D:6)
2 creatures vanquished.

Grand Total: 130 creatures vanquished

Notes
Turn   | Place    | Note
-------+----------+-------------------------------------------
     0 | D:1      | Mefis the Deep Elf Wizard began the quest for the Orb.
     0 | D:1      | Reached XP level 1. HP: 10/10 MP: 7/7
   133 | D:1      | Reached XP level 2. HP: 7/15 MP: 3/9
   146 | D:1      | Learned a level 2 spell: Call Imp
   149 | D:1      | Learned a level 2 spell: Blink
   156 | D:1      | Learned a level 2 spell: Repel Missiles
   408 | D:1      | Reached skill level 5 in Spellcasting
   808 | D:1      | Reached XP level 3. HP: 19/19 MP: 8/11
   813 | D:1      | Learned a level 3 spell: Mephitic Cloud
  1784 | D:2      | Found Zin's Purification Station.
  1785 | D:2      | Found a glowing silver altar of Zin.
  1866 | D:2      | Found a burning altar of Makhleb.
  2018 | D:3      | Reached XP level 4. HP: 24/24 MP: 8/13
  2023 | D:3      | Learned a level 3 spell: Conjure Flame
  2497 | D:3      | Reached skill level 1 in Air Magic
  2497 | D:3      | Reached skill level 1 in Poison Magic
  2983 | D:4      | Reached skill level 6 in Spellcasting
  2983 | D:4      | Reached XP level 5. HP: 11/28 MP: 4/15
  3119 | D:4      | Learned a level 2 spell: Slow
  3416 | D:4      | Noticed a centaur
  3471 | D:4      | Found a blossoming altar of Fedhas.
  3604 | D:4      | Killed a centaur
  3604 | D:4      | Reached XP level 6. HP: 14/32 MP: 9/17
  3904 | D:4      | Noticed Sigmund
  3919 | D:4      | Killed Sigmund
  3919 | D:4      | Reached skill level 1 in Hexes
  4138 | D:4      | Noticed a fire elemental
  4140 | D:4      | Found a stormy altar of Qazlal.
  4141 | D:4      | Noticed an air elemental
  4141 | D:4      | Noticed a water elemental
  4153 | D:5      | Entered Level 5 of the Dungeon
  4186 | D:5      | Found a glowing golden altar of the Shining One.
  4194 | D:5      | Noticed a sky beast
  4204 | D:5      | Killed a sky beast
  4204 | D:5      | Reached skill level 7 in Spellcasting
  4204 | D:5      | Reached XP level 7. HP: 36/36 MP: 6/19
  4228 | D:5      | Noticed Tramtrist's ghost (novice SpAs)
  4374 | D:5      | Noticed Edmund
  4400 | D:5      | Killed Edmund
  4578 | D:5      | Found a basalt altar of Yredelemnul.
  4715 | D:5      | Noticed Blork the orc
  4725 | D:5      | Killed Blork the orc
  4964 | D:5      | Killed Tramtrist's ghost
  4964 | D:5      | Reached XP level 8. HP: 41/41 MP: 8/21
  5091 | D:5      | Reached skill level 8 in Spellcasting
  5094 | D:5      | Reached skill level 5 in Stealth
  5349 | D:5      | Found a staircase to the Ecumenical Temple.
  5392 | Temple   | Entered the Ecumenical Temple
  6269 | D:6      | Reached skill level 5 in Dodging
  6878 | D:6      | Reached skill level 9 in Spellcasting
  7360 | D:6      | Found a sacrificial altar of Ru.
  7606 | D:7      | Reached XP level 9. HP: 44/45 MP: 19/24
  7715 | D:7      | Reached skill level 5 in Conjurations
  8113 | D:7      | Slain by a killer bee

Skill      XL: |  1  2  3  4  5  6  7  8  9 |
---------------+----------------------------+-----
Spellcasting   | 5 6 7 9 |  9.5
Conjurations   | 2 3 4 5 |  5.3
Stealth        | 3 4 5 6 |  6.2
Dodging        | 3 4 5 |  5.8
Air Magic      | 1 2 3 4 |  4.0
Poison Magic   | 1 2 3 4 |  4.2
Hexes          | 2 3 4 |  4.6
Summonings     | |  1.1
Translocations | |  1.1

Action                   |  1- 3 |  4- 6 |  7- 9 || total
-------------------------+-------+-------+-------++-------
Melee: Short sword       |     7 |     8 |    25 ||    40
       Unarmed           |     1 |       |       ||     1
 Cast: Magic Dart        |   108 |   116 |   227 ||   451
       Repel Missiles    |     2 |     1 |       ||     3
       Mephitic Cloud    |       |     6 |    19 ||    25
       Conjure Flame     |       |       |     5 ||     5
       Slow              |       |       |     5 ||     5
       Call Imp          |       |       |     4 ||     4
  Use: Scroll            |       |     6 |     1 ||     7
       Potion            |       |       |     1 ||     1
 Stab: Sleeping          |     1 |       |       ||     1
       Confused          |       |       |     3 ||     3
       Distracted        |       |       |     1 ||     1
  Eat: Chunk             |     3 |     7 |     7 ||    17
       Meat ration       |       |       |     1 ||     1
Armor: Robe              |     4 |     3 |    21 ||    28
Dodge: Dodged            |    14 |    17 |    72 ||   103
       Deflected         |     1 |     4 |     2 ||     7
